 Dungeon Crawl Stone Soup version 0.29-a0-384-g6960b1960d (webtiles) character file.

Game seed: 9978944752435807249

3371 holysushi the Martial Artist (level 9, -25/72 HPs)
             Began as a Mummy Monk on May 7, 2022.
             Was a High Priest of Okawaru.
             Annihilated by a two-headed ogre
             ... wielding a +0 giant club
              (26 damage)
             ... on level 7 of the Dungeon.
             The game lasted 00:16:25 (12922 turns).

holysushi the Martial Artist (Mummy Monk)          Turns: 12922, Time: 00:16:26

Health: -25/72     AC: 13    Str: 16    XL:     9   Next: 73%
Magic:  9/11       EV: 17    Int:  9    God:    Okawaru [*****.]
Gold:   513        SH:  0    Dex: 17    Spells: 8/8 levels left

rFire   x . .      SeeInvis .     - Unarmed
rCold   + . .      Faith    .   (no shield)
rNeg    + + +      Spirit   .   y - +0 swamp dragon scales
rPois   ∞          Reflect  .   e - +2 helmet
rElec   .          Harm     .   (no cloak)
rCorr   .          Rampage  .   t - +0 pair of gloves
Will    ++...                   (no boots)
Stlth   +++.......              (no amulet)
HPRegen 0.22/turn               n - ring of willpower
MPRegen 0.12/turn               (no ring)

@: heroic
A: cold resistance 1, negative energy resistance 3, torment resistance 2, heat
vulnerability 1, in touch with death 1, no potions
a: Renounce Religion, Heroism, Finesse, Duel


You were on level 7 of the Dungeon.
You worshipped Okawaru.
Okawaru was extremely pleased with you.
You visited 2 branches of the dungeon, and saw 9 of its levels.

You collected 513 gold pieces.

Inventory:

Missiles
 c - 201 stones (quivered)
 v - 6 javelins
 z - a throwing net
Armour
 a - a +0 robe
 e - a +2 helmet (worn)
 o - a +0 ring mail
 p - a +0 leather armour
 t - a +0 pair of gloves (worn)
 y - +0 swamp dragon scales (worn)
Jewellery
 f - a ring of ice
 n - a ring of willpower (left hand)
 u - a +6 ring of intelligence
 w - a +4 ring of evasion
Wands
 q - a wand of digging (6)
 x - a wand of iceblast (8)
Scrolls
 d - a scroll of blinking {unknown}
 g - 5 scrolls of teleportation {unknown}
 h - 3 scrolls of poison
 i - 2 scrolls of immolation {unknown}
 j - 2 scrolls of enchant weapon {unknown}
 k - a scroll of magic mapping {unknown}
 l - 8 scrolls of identify
 m - a scroll of brand weapon {unknown}
 r - 2 scrolls of enchant armour {unknown}
 s - a scroll of vulnerability {unknown}


   Skills:
 + Level 7.3(12.3) Fighting
 + Level 6.1(11.1) Dodging
 - Level 1.5(6.5) Stealth
 * Level 8.3(13.3) Unarmed Combat
 + Level 3.1 Invocations
 - Level 1.0 Evocations


You had 8 spell levels left.
You didn't know any spells.
Your spell library contained the following spells:

 Spells                   Type           Power      Damage    Failure   Level
 Corpse Rot               Necr/Air       0%         N/A       73%         2
 Conjure Flame            Conj/Fire      0%         6-21      91%         3
 Ignite Poison            Fire/Tmut/Pois 0%         N/A       91%         3
 Ozocubu's Armour         Ice            0%         N/A       91%         3
 Dispel Undead            Necr           0%         3d6       100%        4
 Sticky Flame             Conj/Fire      0%         2d3       100%        4
 Metabolic Englaciation   Hex/Ice        0%         N/A       100%        5
 Death Channel            Necr           Unusable   N/A       N/A         6
 Simulacrum               Ice/Necr       Unusable   N/A       N/A         6

Dungeon Overview and Level Annotations

Branches:
Dungeon (8/15)             Temple (1/1) D:4
   Lair: D:8-11

Altars:
Ashenzari
Cheibriados
Dithmenos
Elyvilon
Fedhas
Gozag
Hepliaklqana
Kikubaaqudgha
Nemelex Xobeh
Okawaru
Qazlal
Ru
Sif Muna
Trog
Uskayaw
Wu Jian
Yredelemnul
The Shining One


Innate Abilities, Weirdness & Mutations

You are immune to poison.
Your flesh is cold resistant. (rC+)
You are immune to negative energy. (rN+++)
You are immune to unholy pain and torment.
You are vulnerable to heat. (rF-)
You are in touch with the powers of death.
You do not drink.


Message History

The two-headed ogre hits you with a +0 giant club!
The two-headed ogre barely misses you. The centaur hits you.
The centaur kicks you.
An orc comes into view.
It is wielding a +2 flail of holy wrath.
There is a stone staircase leading up here.
The centaur hits you but does no damage.
The centaur kicks you but does no damage.
The two-headed ogre hits you with a +0 giant club!
The two-headed ogre hits you with a +0 giant club!!
* * * LOW HITPOINT WARNING * * *
The centaur misses you. The centaur closely misses you.
The orc shouts!
You climb upwards.
There is a stone staircase leading down here.
Unknown command.
Okay, then.
You gain the combat prowess of a mighty hero.
The centaur barely misses you. The centaur completely misses you.
The centaur wields a +0 shortbow.
The centaur shoots an arrow.
The arrow barely misses you.
The two-headed ogre closely misses you. x2
The centaur shoots an arrow.
The arrow misses you.
Things that are here:
a +0 leather armour; a +1 antimagic quarterstaff; a +0 hunting sling Unknown command.
The centaur shoots an arrow.
The arrow hits you.
* * * LOW HITPOINT WARNING * * *
Unknown command.
As you read the scroll labelled UBETINA CUUGG, it crumbles to dust.
You hear a loud clanging noise!
It was a scroll of noise.
The two-headed ogre hits you with a +0 giant club.
* * * LOW HITPOINT WARNING * * *
The two-headed ogre hits you with a +0 giant club!
* * * LOW HITPOINT WARNING * * *
The air fills with toxic fumes!
As you read the scroll labelled SUTAMUGITE, it crumbles to dust.
It was a scroll of poison.
The two-headed ogre attacks as you move away!
The two-headed ogre hits you with a +0 giant club!!
You die...

......+.........'.......#
...####.........####...##
#.## ##.......#####..###
#.# ##.....##§§......#
#.# ##...###§###.##.# #!#
##'## #§# #.##.# #.#####
#.# #§# #.##.# ......#
#.# #§# #....# #.###)#
##.## #@# ###..# #.# #.#
##...###O#####..#
#.###.###.....##§c>.[...#
#..............§§#§###.##
#####.#####.####§§§§...#
# #.# ### #####§###
#####.# ##§## ......#
##§## ####### ##.#


You could see a two-headed ogre and a centaur.

Vanquished Creatures
  Pikel (D:6)
  Joseph (D:7)
  Maggie (D:7)
  A water moccasin (D:5)
  2 sky beasts
  An orc warrior (D:7)
  3 black bears
  An ogre (D:4)
  2 lemures (D:6)
  A bullfrog (D:7)
  6 wights
  11 killer bees
  3 howler monkeys (D:7)
  2 hounds (D:7)
  A jelly (D:6)
  2 orc priests (D:4)
  2 gnoll shamans
  3 orc wizards
  2 iguanas (D:4)
  Robin (D:3)
  9 gnolls
  4 adders
  A shadow imp (D:6)
  A white imp (D:6)
  2 ufetubi (D:6)
  3 worms
  2 dart slugs
  20 orcs
  5 ball pythons
  A bat (D:2)
  6 endoplasms
  3 giant cockroaches
  13 goblins
  10 hobgoblins
  4 jackals (D:2)
  A kobold (D:1)
  2 quokkas
  3 frilled lizards
  4 rats (D:2)
141 creatures vanquished.

Notes
Turn   | Place    | Note
-------+----------+-------------------------------------------
     0 | D:1      | holysushi the Mummy Monk began the quest for the Orb.
     0 | D:1      | Reached XP level 1. HP: 18/18 MP: 1/1
  1048 | D:1      | Reached XP level 2. HP: 24/24 MP: 2/2
  1825 | D:2      | Reached skill level 3 in Unarmed Combat
  1841 | D:2      | Gained mutation: You are in touch with the powers of death.
                  | [Mummy growth]
  1841 | D:2      | Reached XP level 3. HP: 28/29 MP: 3/3
  2656 | D:3      | Reached XP level 4. HP: 31/35 MP: 4/4
  2804 | D:3      | Found a faded altar of an unknown god.
  4019 | D:4      | Noticed an ogre
  4709 | D:4      | Reached XP level 5. HP: 35/42 MP: 5/5
  4785 | D:4      | Reached skill level 4 in Unarmed Combat
  5035 | D:4      | Found a staircase to the Ecumenical Temple.
  5096 | D:4      | Noticed Robin
  5179 | D:3      | Killed Robin
  5327 | D:4      | Found a blossoming altar of Fedhas.
  5541 | Temple   | Entered the Ecumenical Temple
  5770 | Temple   | Became a worshipper of Warmaster Okawaru
  5770 | Temple   | Reached * piety under Okawaru
  5770 | Temple   | Reached ** piety under Okawaru
  5827 | D:4      | Killed an ogre
  5828 | D:4      | Reached XP level 6. HP: 17/48 MP: 3/6
  6035 | D:5      | Entered Level 5 of the Dungeon
  6035 | D:5      | Found a stormy altar of Qazlal.
  6055 | D:4      | Reached skill level 1 in Invocations
  7167 | D:5      | Reached XP level 7. HP: 43/55 MP: 6/8
  7514 | D:5      | Reached skill level 5 in Unarmed Combat
  8133 | D:5      | Reached *** piety under Okawaru
  8134 | D:5      | Reached skill level 5 in Fighting
  8947 | D:6      | Reached XP level 8. HP: 39/62 MP: 9/9
  9125 | D:6      | Found a sacrificial altar of Ru.
  9739 | D:7      | Noticed Maggie
  9750 | D:7      | Reached skill level 6 in Unarmed Combat
  9784 | D:7      | Killed Maggie
 10079 | D:7      | Noticed Pikel
 10186 | D:6      | Killed Pikel
 10186 | D:6      | Reached **** piety under Okawaru
 10186 | D:6      | Received a gift from Okawaru
 10187 | D:6      | Reached skill level 5 in Dodging
 10187 | D:6      | Reached skill level 7 in Unarmed Combat
 10220 | D:7      | Found an ancient bone altar of Kikubaaqudgha.
 10285 | D:7      | Reached XP level 9. HP: 55/71 MP: 10/10
 10452 | D:7      | Reached skill level 1 in Evocations
 10799 | D:7      | Found a shimmering blue altar of Sif Muna.
 10867 | D:7      | Noticed Joseph
 10896 | D:7      | Killed Joseph
 11622 | D:7      | Found a broken altar of Ashenzari.
 11831 | D:7      | Reached skill level 8 in Unarmed Combat
 11835 | D:7      | Reached ***** piety under Okawaru
 12492 | D:7      | Found an ornate altar of the Wu Jian Council.
 12661 | D:8      | Noticed a two-headed ogre
 12919 | D:7      | HP: 1/72 [two-headed ogre/+0 giant club (11)]
 12922 | D:7      | Annihilated by a two-headed ogre

Illustrated notes

Levels and vault maps discovered:
D:1:      sevenhm_arrival_forest_fort_large_3, layout_loops_ring
D:2:      cheibrodos_helix_gallery, layout_basic
D:3:      layout_rooms, hellmonk_ecumenical_altar_lost_god
D:4:      layout_loops_ring, lemuel_round_altar,
          minmay_temple_entry_antechambers, uniq_robin
D:5:      layout_loops_ring, nicolae_qazlal_general_emergency,
          mainiacjoe_overflow_catwalk, kennysheep_generic_room_11
D:6:      layout_cave_pods, mainiacjoe_overflow_24_doors
D:7:      layout_loops_corners, mainiacjoe_overflow_big_doors,
          nicolae_overflow_hidden_temple, uniq_joseph, uniq_pikel, uniq_maggie
D:8:      layout_loops_ring, grunt_temple_overflow_order_and_chaos_2,
          fiery_altar_vehumet, minmay_increasing_density
Temple:   jpeg_temple_alley_garden

Skill      XL: |  1  2  3  4  5  6  7  8  9 |
---------------+----------------------------+-----
Unarmed Combat | 3 4 5 7 8 |  8.3
Dodging        | 3 4 5 6 |  6.1
Fighting       | 4 5 6 7 |  7.3
Invocations    | 1 2 3 |  3.1
Evocations     | 1 |  1.0
Stealth        | |  1.5

Action                   |  1- 3 |  4- 6 |  7- 9 || total
-------------------------+-------+-------+-------++-------
Melee: Unarmed           |   134 |   268 |   457 ||   859
       Punch             |     2 |     5 |    27 ||    34
Throw: Stone             |    43 |    22 |       ||    65
Invok: Heroism           |       |     1 |     4 ||     5
Evoke: Wand              |       |       |    10 ||    10
  Use: Scroll            |     1 |       |     2 ||     3
 Stab: Sleeping          |     2 |       |       ||     2
       Paralysed         |       |       |    27 ||    27
Armor: Robe              |    35 |     9 |       ||    44
       Ring mail         |       |    63 |    57 ||   120
       Swamp dragon scal |       |       |    95 ||    95
Dodge: Dodged            |    94 |   145 |   257 ||   496

Table legend: (Time is in decaauts)
 A = Elapsed time spent in this place.
 B = Non-inter-level travel time spent in this place.
 C = Inter-level travel time spent in this place.
 D = Time resting spent in this place.
 E = Time spent auto-exploring this place.
 F = Levels seen in this place.
 G = Mean time per level.
                   A        B        C        D        E       F      G
               +--------+--------+--------+--------+--------+-----+--------+
         Total |  12865 |  12277 |    588 |   4979 |   4775 |   9 | 1429.4 |
       Dungeon |  12606 |  12087 |    519 |   4979 |   4603 |   8 | 1575.8 |
        Temple |    258 |    189 |     69 |      0 |    172 |   1 |  258.0 |
               +--------+--------+--------+--------+--------+-----+--------+

Top non-repeatable levels by time:
     D:7: 2709 daAuts
     D:4: 2523 daAuts
     D:6: 1564 daAuts
     D:3: 1475 daAuts
     D:2: 1437 daAuts
     D:5: 1405 daAuts
     D:1: 1366 daAuts
  Temple: 258 daAuts
     D:8: 125 daAuts
